 Dungeon Crawl Stone Soup version 0.29-a0-319-gad05b8d819 (webtiles) character file.

Game seed: 9326186562580404139

727 mdonais the Chopper (level 7, -2/69 (72) HPs)
             Began as a Mayflytaur Chaos Knight on Apr 2, 2022.
             Was a Plaything of Xom.
             Slain by a wight
             ... wielding a +1 long sword
              (4 damage)
             ... on level 8 of the Dungeon.
             The game lasted 00:13:14 (1491 turns).

mdonais the Chopper (Mayflytaur Chaos Knight)       Turns: 1491, Time: 00:13:15

HP:   -2/69 (72)    AC: 10    Str: 13    XL:     7   Next: 72%
MP:   8/8           EV: 11    Int: 13    God:    Xom [....*.]
Gold: 221           SH:  0    Dex: 14    Spells: 6/6 levels left

rFire   . . .      SeeInvis +   a - +0 hand axe (chaos)
rCold   . . .      Faith    .   (no shield)
rNeg    + + .      Spirit   .   b - +2 leather armour
rPois   .          Reflect  .   (no helmet)
rElec   .          Harm     .   (no cloak)
rCorr   +          Rampage  .   n - +1 pair of gloves
Will    .....                   h - +2 pair of boots of Hepliaklqana's Regard {rN+ rCorr Str-3}
Stlth   +.........              g - amulet of the acrobat
HPRegen 0.21/turn               s - ring of see invisible
MPRegen 0.22/turn               r - ring of positive energy

@: flying, lightly drained, invisible (expiring)
A: damage resistance, big wings, sense surroundings 1, magic regeneration, short
lifespan
a: Renounce Religion


You were on level 8 of the Dungeon.
You worshipped Xom.
You were a beloved toy of Xom.
You visited 1 branch of the dungeon, and saw 8 of its levels.

You collected 221 gold pieces.

Inventory:

Hand Weapons
 a - a +0 hand axe of chaos (weapon)
Missiles
 d - 17 poisoned darts
 u - 5 stones
 F - a curare-tipped dart
Armour
 b - a +2 leather armour (worn)
 h - the +2 pair of boots of Hepliaklqana's Regard (worn) {rN+ rCorr Str-3}
   (You found it on level 9 of the Dungeon)

   Str:       It affects your strength (-3).
   rN:        It protects you from negative energy.
   rCorr:     It protects you from acid and corrosion.
 m - a +0 chain mail
   (You found it on level 2 of the Dungeon)
 n - a +1 pair of gloves (worn)
   (You found it on level 3 of the Dungeon)
 t - the +0 leather armour "Ululegh" {+Inv rF+}
   (You found it on level 4 of the Dungeon)

   rF:        It protects you from fire.
   +Inv:      It lets you turn invisible.
Jewellery
 g - an amulet of the acrobat (around neck)
   (You found it on level 9 of the Dungeon)
 i - a ring of ice
   (You found it on level 2 of the Dungeon)
 r - a ring of positive energy (right hand)
   (You found it on level 4 of the Dungeon)
 s - a ring of see invisible (left hand)
   (You found it on level 2 of the Dungeon)
Wands
 k - a wand of polymorph (9)
   (You found it on level 3 of the Dungeon)
Scrolls
 e - a scroll of enchant weapon
 f - a scroll of fear
 p - 2 scrolls of immolation
Miscellaneous
 c - a piece from Xom's chessboard (15/15) (quivered)
 l - a lightning rod (4/4)
   (You found it on level 9 of the Dungeon)


   Skills:
 + Level 7.2 Fighting
 + Level 7.2 Axes
 - Level 2.1 Armour
 - Level 1.1 Dodging


You had 6 spell levels left.
You didn't know any spells.
Your spell library contained the following spells:

 Spells                   Type           Power      Damage    Failure   Level
 Animate Skeleton         Necr           0%         N/A       36%         1
 Apportation              Tloc           0%         N/A       36%         1
 Summon Small Mammal      Summ           0%         N/A       36%         1
 Tukima's Dance           Hex            0%         N/A       75%         3
 Passage of Golubria      Tloc           0%         N/A       98%         4
 Yara's Violent Unravell  Hex/Tmut       0%         3d3       100%        5


Dungeon Overview and Level Annotations

Branches:
Dungeon (9/15)
 Temple: D:4-7         Lair: D:8-11         Orc: D:9-12

Altars:
Fedhas


Innate Abilities, Weirdness & Mutations

You are resistant to damage.
Your large and strong wings let you fly.
You passively map a small area around you.
You regenerate magic rapidly.
You are easily found by Zot.


Message History

You strike the helpless gargoyle from behind!
You hit the gargoyle.
The gargoyle is lightly damaged.
You closely miss the wight. The gargoyle misses you.
The wight hits you with a +5 dagger of freezing.
You partially resist.
You feel drained. The wight freezes you.
You take 4 damage, and have 53/71 hp.
You hit the gargoyle. You freeze the gargoyle.
The gargoyle is moderately damaged.
You hit the wight. You burn the wight. The gargoyle barely misses you.
The wight hits you with a +5 dagger of freezing.
The wight freezes you.
You take 2 damage, and have 51/71 hp.
You closely miss the gargoyle.
You punch the gargoyle, but do no damage.
The gargoyle is moderately damaged.
You closely miss the wight. The gargoyle barely misses you.
The wight hits you but does no damage.
You hit the gargoyle.
The gargoyle seems to speed up.
The gargoyle is heavily damaged.
You hit the wight.
The gargoyle hurls a stone arrow at you.
The stone arrow misses you. The wight closely misses you.
The gargoyle misses you.
You catch the helpless gargoyle completely off-guard!
You hit the gargoyle but do no damage.
The gargoyle is heavily damaged.
You hit the wight but do no damage.
The wight seems to grow stronger.
The gargoyle hits you with a +0 mace! The wight closely misses you.
You catch the helpless gargoyle completely off-guard!
You hit the gargoyle but do no damage.
The gargoyle resists with almost no effort.
The gargoyle is heavily damaged.
You catch the helpless wight completely off-guard!
You hit the wight.
The wight convulses.
You are now a beloved toy of Xom.
The gargoyle hurls a stone arrow at you.
The stone arrow misses you. The wight barely misses you.
You take 7 damage, and have 44/71 hp.
You hit the gargoyle but do no damage.
The gargoyle suddenly seems more agile.
The gargoyle is heavily damaged.
You hit the wight but do no damage.
The gargoyle hits you but does no damage.
The wight hits you with a +5 dagger of freezing.
The wight freezes you.
The gargoyle hits you but does no damage.
You take 7 damage, and have 37/71 hp.
You hit the gargoyle but do no damage.
The gargoyle is heavily damaged.
You barely miss the wight. The gargoyle closely misses you.
The wight hits you with a +5 dagger of freezing!
The wight freezes you.
You take 10 damage, and have 27/71 hp.
You are too injured to fight recklessly!
You feel better. The gargoyle hits you with a +0 mace!
* * * LOW HITPOINT WARNING * * *
The wight barely misses you.
The gargoyle hits you but does no damage.
You take 9 damage, and have 18/71 hp.
It was a potion of flight.
You feel more buoyant.
The gargoyle hurls a stone arrow at you.
The stone arrow misses you.
The wight hits you with a +5 dagger of freezing!
* * * LOW HITPOINT WARNING * * *
The wight freezes you.
You take 8 damage, and have 10/71 hp.
You feel better.
The gargoyle hits you but does no damage.
The wight hits you with a +5 dagger of freezing.
* * * LOW HITPOINT WARNING * * *
The wight freezes you. The gargoyle barely misses you.
You regained 9 hp, and now have 19/71 hp.
You feel better.
The gargoyle hurls a stone arrow at you.
The stone arrow hits you!
* * * LOW HITPOINT WARNING * * *
The wight barely misses you.
You take 2 damage, and have 17/71 hp.
You strike the helpless gargoyle from behind!
You hit the gargoyle but do no damage.
The gargoyle seems to grow stronger.
The gargoyle is heavily damaged.
You hit the wight. The gargoyle closely misses you.
The wight hits you with a +5 dagger of freezing.
You partially resist.
You feel drained. The wight freezes you.
You strike the helpless gargoyle from behind!
You hit the gargoyle. You burn the gargoyle.
The gargoyle is heavily damaged.
You hit the wight.
The wight appears confused.
The gargoyle hits you with a +0 mace!
* * * LOW HITPOINT WARNING * * *
The gargoyle hurls a stone arrow at you.
The stone arrow misses you.
The wight hits you with a +5 dagger of freezing!
* * * LOW HITPOINT WARNING * * *
You partially resist.
You feel drained. The wight freezes you.
* * * LOW HITPOINT WARNING * * *
You take 14 damage, and have 3/68 hp.
MASSIVE DAMAGE!!
Okay, then.
You aren't carrying any potions.
You barely miss the wight.
The wight is almost destroyed.
You hit the gargoyle but do no damage. The gargoyle barely misses you.
You strike the helpless wight from behind!
You hit the wight.
The wight convulses.
The wight is almost destroyed.
You hit the gargoyle but do no damage.
The gargoyle hurls a stone arrow at you.
The stone arrow misses you. The gargoyle barely misses you.
The wight barely misses you.
A necrophage comes into view.
You hit the wight but do no damage. You punch the wight, but do no damage.
The wight is almost destroyed.
You strike the helpless gargoyle from behind!
You hit the gargoyle.
The gargoyle appears confused.
The wight hits something with a +5 dagger of freezing!
You hit the wight.
You destroy the wight!
You flicker for a moment.
Okay, then.
Unknown command.
Unknown command.
Unknown command.
You catch the helpless wight completely off-guard!
You hit the wight.
The wight seems to slow down.
The wight is lightly damaged.
You hit the wight.
The wight is moderately damaged.
The wight is no longer moving slowly.
The wight barely misses you.
You hit the wight.
The wight seems to speed up.
The wight is heavily damaged.
The wight misses you.
You hit the wight but do no damage.
The wight is heavily damaged.
You catch the helpless necrophage completely off-guard!
You hit the necrophage.
Lightning courses through the necrophage!!
The wight hits you with a +1 long sword.
* * * LOW HITPOINT WARNING * * *
You partially resist.
You feel drained.
The necrophage hits you but does no damage.
The wight hits you but does no damage.
You take 3 damage, and have 2/69 hp.
You hit the wight.
The wight is heavily damaged.
You hit the necrophage but do no damage.
The necrophage barely misses you.
The wight hits you with a +1 long sword.
You die...
Xom guffaws!

* * , !. , * , #... *, ,
* ,* #..<.# , ,* ,
#.#...# , * , ,, #z#...(
** , ####.#.#..,
##z#.#z#.## , ,
#@#)#.#.#.# ,
#n#.#.#.#.###### *
#.#.#.#z#.#.....# , *
#>#.#.#.#.#......#
#!#.#.#.#...#.....#
#9#.#.#.#.....## *
#.#.#.#.#.#...#.########
,
.#.#.#.#.#.#.#.)........
, .#.#.#.#.#.........##


You could see a gargoyle (fast, strong, agile, confused, can't see you), a
necrophage (can't see you) and a wight (fast, can't see you).

Vanquished Creatures
  A shadow (D:9)
  A kobold brigand (D:9)
  4 wights
  An iguana (D:4)
  An orc wizard (D:4)
  2 adders
  A worm (D:4)
  3 dart slugs (D:2)
  8 orcs
  3 ball pythons
  4 endoplasms
  2 giant cockroaches
  4 goblins
  7 hobgoblins
  8 jackals
  2 quokkas
  3 bats
  A frilled lizard (D:3)
  12 kobolds
  2 rats
70 creatures vanquished.

Notes
Turn   | Place    | Note
-------+----------+-------------------------------------------
     0 | D:1      | mdonais the Mayflytaur Chaos Knight began the quest for the
                  | Orb.
     0 | D:1      | Reached XP level 1. HP: 21/21 MP: 2/2
    54 | D:1      | XOM: divination: detect creatures
   100 | D:1      | Glimpsed the power of Zot.
   195 | D:1      | Found a faded altar of an unknown god.
   209 | D:1      | XOM: cast spell 'Alistair's Intoxication'
   213 | D:1      | XOM: noise
   227 | D:1      | Reached XP level 2. HP: 22/28 MP: 3/3
   347 | D:2      | Found a blossoming altar of Fedhas.
   404 | D:2      | XOM: confuse monster(s)
   411 | D:2      | Reached XP level 3. HP: 36/36 MP: 4/4
   557 | D:3      | XOM: butterfly on damage
   586 | D:3      | XOM: noise
   626 | D:2      | Reached XP level 4. HP: 32/45 MP: 5/5
   836 | D:4      | XOM: silly message
   844 | D:4      | Reached XP level 5. HP: 44/51 MP: 6/6
   859 | D:4      | XOM: enchant monster (good)
   862 | D:4      | Reached skill level 5 in Fighting
   862 | D:4      | Reached skill level 5 in Axes
   898 | D:4      | Identified the +0 leather armour "Ululegh" {+Inv rF+}
   907 | D:4      | XOM: smoke on damage
  1080 | D:5      | Entered Level 5 of the Dungeon
  1155 | D:6      | You are sucked into a shaft and drop 3 floors!
  1198 | D:9      | XOM: stat loss: -1 Str (15/16)
  1208 | D:9      | Gained mutation: You regenerate magic rapidly. [Mayflytaur
                  | growth]
  1208 | D:9      | Reached XP level 6. HP: 36/61 MP: 7/7
  1227 | D:9      | Noticed a shadow
  1239 | D:9      | Killed a shadow
  1311 | D:9      | Reached XP level 7. HP: 39/70 MP: 8/8
  1342 | D:9      | Identified the +2 pair of boots of Hepliaklqana's Regard
                  | {rN+ rCorr Str-3}
  1358 | D:9      | Noticed a shadow
  1367 | D:9      | Banished a shadow
  1422 | D:9      | Noticed a two-headed ogre
  1462 | D:8      | Noticed a gargoyle
  1481 | D:8      | HP: 3/68 [wight/+5 dagger of freezing (3)]
  1490 | D:8      | HP: 2/70 [wight/+1 long sword (3)]
  1491 | D:8      | Slain by a wight

Illustrated notes

Levels and vault maps discovered:
D:1:      dpeg_arrival_renting, layout_loops_cross,
          hellmonk_ecumenical_altar_leap_of_faith
D:2:      layout_basic, basic_altar, uniq_crazy_yiuf_cottage, uniq_terence
D:3:      layout_basic
D:4:      layout_loops_cross, uniq_ijyb
D:5:      wander_river, layout_loops_cross, minmay_temple_entry_butterflies,
          grunt_ministairs_8
D:6:      layout_basic, nicolae_ossuary_entry_ruins
D:8:      layout_basic, zin_treasury, david_lair_generic, minmay_puff
D:9:      layout_irregular_city, serial_undead, serial_undead_c,
          serial_undead_d, serial_undead_e, serial_undead_b

Skill      XL: |  1  2  3  4  5  6  7 |
---------------+----------------------+-----
Axes           | 4 5 6 7 |  7.2
Fighting       | 4 5 6 7 |  7.2
Armour         | |  2.1
Dodging        | |  1.1

Action                   |  1- 3 |  4- 6 |  7- 9 || total
-------------------------+-------+-------+-------++-------
Melee: Hand axe          |    92 |   103 |    34 ||   229
       Punch             |       |     1 |     2 ||     3
Evoke: Wand              |     1 |       |       ||     1
       Piece from Xom's  |       |     2 |       ||     2
  Use: Scroll            |       |     8 |       ||     8
       Potion            |       |     4 |     5 ||     9
 Stab: Sleeping          |     1 |       |       ||     1
       Petrifying        |     1 |       |       ||     1
       Petrified         |       |     9 |       ||     9
       Paralysed         |       |     2 |       ||     2
       Invisible         |       |       |    10 ||    10
Armor: Leather armour    |    40 |    28 |    10 ||    78
       Skin              |       |     8 |       ||     8
Dodge: Dodged            |    90 |    58 |    34 ||   182

Table legend: (Time is in decaauts)
 A = Elapsed time spent in this place.
 B = Non-inter-level travel time spent in this place.
 C = Inter-level travel time spent in this place.
 D = Time resting spent in this place.
 E = Time spent auto-exploring this place.
 F = Levels seen in this place.
 G = Mean time per level.
                   A        B        C        D        E       F      G
               +--------+--------+--------+--------+--------+-----+--------+
         Total |   1506 |   1218 |    288 |      3 |      3 |   8 |  188.2 |
       Dungeon |   1506 |   1218 |    288 |      3 |      3 |   8 |  188.2 |
               +--------+--------+--------+--------+--------+-----+--------+

Top non-repeatable levels by time:
     D:1: 335 daAuts
     D:9: 281 daAuts
     D:4: 280 daAuts
     D:3: 255 daAuts
     D:2: 225 daAuts
     D:8: 53 daAuts
     D:6: 39 daAuts
     D:5: 34 daAuts
